 Dungeon Crawl Stone Soup version 0.26-a0-667-g92642533e4 (webtiles) character file.

Game seed: 8913680303513323448

10567 grandjackal the Fighter (level 11, -1/90 HPs)
             Began as a Demonspawn Gladiator on Oct 16, 2020.
             Was a Believer of Qazlal.
             Hit by a large rock thrown by a cyclops (21 damage)
             ... on level 11 of the Dungeon.
             The game lasted 00:12:26 (11780 turns).

grandjackal the Fighter (Demonspawn Gladiator)     Turns: 11780, Time: 00:12:26

Health: -1/90      AC: 11    Str: 17    XL:     11   Next: 37%
Magic:  17/17      EV: 17    Int:  6    God:    Qazlal [**....]
Gold:   350        SH:  3    Dex: 15    Spells: 10/10 levels left

rFire    . . .     SeeInvis .   N - +1 long sword (flame)
rCold    . . .     Faith    .   (no shield)
rNeg     . . .     Spirit   .   O - +0 acid dragon scales
rPois    .         Reflect  .   c - +0 helmet
rElec    .         Harm     .   (no cloak)
rCorr    +         Rampage  .   m - +0 pair of gloves
MR       .....                  (boots unavailable)
Stlth    +.........             (no amulet)
HPRegen  0.25/turn              H - ring of wizardry
MPRegen  0.15/turn              E - -4 ring of intelligence (curse)

@: no status effects
A: hooves 3, thin metallic scales 2, demonic guardian 1, spiny 1
a: Upheaval, Renounce Religion


You were on level 11 of the Dungeon.
You worshipped Qazlal.
Qazlal was pleased with you.
You visited 2 branches of the dungeon, and saw 12 of its levels.

You collected 774 gold pieces.
You spent 424 gold pieces at shops.

Inventory:

Hand Weapons
 N - a +1 long sword of flaming (weapon)
Missiles
 d - 7 throwing nets (quivered)
Armour
 c - a +0 helmet (worn)
 m - a +0 pair of gloves (worn)
 O - +0 acid dragon scales (worn)
Jewellery
 B - an uncursed ring of ice
 E - a cursed -4 ring of intelligence (right hand)
 H - a ring of wizardry (left hand)
Wands
 h - a wand of flame (11)
 q - a wand of random effects (15)
 u - a wand of iceblast (13)
 C - a wand of digging (10)
 D - a wand of enslavement (8)
 G - a wand of acid (5)
 P - a wand of paralysis (10)
Scrolls
 a - a scroll of random uselessness {unknown}
 e - 13 scrolls of identify {unknown}
 f - 10 scrolls of teleportation
 g - 4 scrolls of immolation {unknown}
 i - 2 scrolls of noise {unknown}
 j - 4 scrolls of remove curse {unknown}
 l - a scroll of blinking {unknown}
 n - 4 scrolls of magic mapping {unknown}
 o - 4 scrolls of amnesia {unknown}
 p - 3 scrolls of enchant weapon {unknown}
 r - 3 scrolls of enchant armour {unknown}
 y - a scroll of vulnerability {unknown}
 I - a scroll of summoning {unknown}
 K - a scroll of fear {unknown}
 M - 2 scrolls of fog {unknown}
Potions
 b - a potion of haste
 k - 3 potions of flight {unknown}
 s - 2 potions of cancellation {unknown}
 t - a potion of mutation {unknown}
 v - a potion of heal wounds {unknown}
 w - a potion of degeneration {unknown}
 x - 2 potions of curing
 z - 3 potions of lignification {unknown}
 A - 3 potions of resistance
 F - a potion of ambrosia
 L - a potion of brilliance {unknown}
Miscellaneous
 J - a phantom mirror (inert)


   Skills:
 + Level 9.9 Fighting
 + Level 9.4 Long Blades
 - Level 1.7 Throwing
 + Level 9.3 Dodging
 + Level 8.8 Invocations


You had 10 spell levels left.
You didn't know any spells.
Your spell library contained the following spells:

 Spells                   Type           Power        Failure   Level
 Freeze                   Ice            #...         26%         1
 Sandblast                Erth           #.....       26%         1
 Summon Small Mammal      Summ           #...         26%         1
 Call Imp                 Summ           #.......     38%         2
 Passwall                 Tmut/Erth      #.......     38%         2
 Call Canine Familiar     Summ           #.......     58%         3
 Frozen Ramparts          Ice            #.....       58%         3
 Ozocubu's Armour         Ice            #.......     58%         3
 Stone Arrow              Conj/Erth      #.....       58%         3
 Summon Guardian Golem    Hex/Summ       #.......     58%         3
 Hailstorm                Conj/Ice       #.......     92%         4
 Petrify                  Tmut/Erth      #.......     92%         4
 Summon Ice Beast         Ice/Summ       #.......     92%         4
 Summon Lightning Spire   Summ/Air       #.......     92%         4
 Lee's Rapid Deconstruct  Erth           #.........   99%         5


Dungeon Overview and Level Annotations

Branches:
Dungeon (11/15)            Temple (1/1) D:7            Lair (0/6) D:9
    Orc (0/2) D:11

Altars:
Dithmenos
Elyvilon
Fedhas
Gozag
Hepliaklqana
Kikubaaqudgha
Nemelex Xobeh
Okawaru
Qazlal
Sif Muna
Vehumet
Xom
Yredelemnul
Zin
The Shining One

Shops:
D:5 *   D:7 [

Portals:
Trove: D:10 (give +2 ice dragon scales)


Innate Abilities, Weirdness & Mutations

You have hooves in place of feet.
You are mostly covered in thin metallic scales. (AC +3)
A weak demonic guardian rushes to your aid.
You are partially covered in sharp spines.


Message History

The orc warrior is severely wounded.
You block the orc warrior's attack.
The cyclops throws a large rock.
The large rock hits you!!!
Unknown command.
You are too injured to fight recklessly!
You are too injured to fight recklessly!
You are too injured to fight recklessly!
Unknown command.
A jelly comes into view.
The jelly quivers.
There is a stone staircase leading up here.
The cyclops throws a large rock.
The large rock hits you!!
* * * LOW HITPOINT WARNING * * *
Your white imp hits the jelly.
Your white imp freezes the jelly.
Your white imp is burned by acid!
The jelly is struck by your spines.
You kill the jelly!
Qazlal accepts your kill.
The cyclops throws a large rock.
The large rock hits you!!
You die...

...##...# ...## ###.#......[
.#.....### ....## #...(.......
.....####.. #...## ###...........
.......# #.##...(###.......#.#...
.##)...# #.......##.##.......#...
#.#...####.......#...##.......##.
#.....###...##................###
.......#.....##..o..5....#.....##
................@##.###.......##
..........#...5...#.##......)..#
..........#.........##..###.#..#
......................5.....#..#
.........<...(...####..C..######
.................#.....8.....#
.................#...........#
..............................#
............##.#..8....>....8..#


You could see a cyclops, an orc warrior, a friendly iron imp (summoned) and a
friendly white imp (summoned).

Vanquished Creatures
  Gastronok (D:10)
  Josephine (D:10)
  Fannar (D:11)
  A hydra (D:11)
  A two-headed ogre (D:9)
  Pikel (D:4)
  A troll (D:9)
  3 wraiths (D:10)
  2 wargs (D:9)
  A water moccasin (D:9)
  4 orc warriors
  3 ice beasts
  3 phantoms
  A hornet zombie (D:7)
  2 black bears
  2 ogres
  3 centaurs
  A big kobold (D:9)
  7 bullfrogs
  8 wights (D:7)
  3 killer bees (D:11)
  3 howler monkeys
  4 centaur zombies
  4 orc priests
  3 jellies
  2 centaur skeletons
  5 hounds
  12 orc wizards
  Jessica (D:3)
  7 worker ants
  A worker ant zombie (D:7)
  7 adders
  7 gnolls (D:11)
  2 white imps
  3 ufetubi (D:9)
  2 worms
  3 dart slugs
  3 leopard geckos
  39 orcs
  10 bats
  10 giant cockroaches
  11 goblins
  6 hobgoblins
  13 jackals
  11 kobolds
  2 quokkas
  4 ball pythons
  3 frilled lizards
  A leopard gecko skeleton (D:4)
  A leopard gecko zombie (D:3)
  6 rats
236 creatures vanquished.

Vanquished Creatures (collateral kills)
  Maggie (D:10)
  A wraith (D:10)
  Eustachio (D:5)
  An orc warrior (D:10)
  2 ogres
  A centaur (D:9)
  2 orc priests
  A hound (D:7)
  An orc wizard (D:5)
  A worker ant (D:7)
  5 orcs
  A quokka skeleton (D:7)
18 creatures vanquished.

Grand Total: 254 creatures vanquished

Notes
Turn   | Place    | Note
-------+----------+-------------------------------------------
     0 | D:1      | grandjackal the Demonspawn Gladiator began the quest for
                  | the Orb.
     0 | D:1      | Reached XP level 1. HP: 16/16 MP: 1/1
   288 | D:1      | Gained mutation: A weak demonic guardian rushes to your
                  | aid. [demonic ancestry]
   288 | D:1      | Reached XP level 2. HP: 22/22 MP: 2/2
  1058 | D:2      | Gained mutation: You are partially covered in sharp spines.
                  | [demonic ancestry]
  1058 | D:2      | Reached XP level 3. HP: 26/28 MP: 3/3
  1570 | D:2      | Gained mutation: You have large cloven feet. [demonic
                  | ancestry]
  1570 | D:2      | Reached XP level 4. HP: 16/35 MP: 4/4
  2056 | D:3      | Noticed Jessica
  2060 | D:3      | Killed Jessica
  2373 | D:3      | Reached XP level 5. HP: 40/41 MP: 5/5
  2923 | D:4      | Noticed Pikel
  2923 | D:4      | Noticed a lemure
  2923 | D:4      | Noticed a lemure
  2923 | D:4      | Noticed a lemure
  2923 | D:4      | Noticed a lemure
  2932 | D:4      | HP: 2/42 [Pikel/+0 whip of flaming (2)]
  2946 | D:4      | Killed Pikel
  2946 | D:4      | Reached XP level 6. HP: 7/50 MP: 6/6
  2946 | D:4      | Reached XP level 7. HP: 8/55 MP: 7/7
  3894 | D:4      | Reached skill level 5 in Long Blades
  3942 | D:4      | Found an opulent altar of Gozag.
  4025 | D:4      | Reached skill level 5 in Fighting
  4025 | D:4      | Reached skill level 5 in Dodging
  4572 | D:5      | Entered Level 5 of the Dungeon
  4584 | D:5      | Found Vet Okki's Mayhem Merchandise.
  4592 | D:5      | Bought a wand of iceblast (10) for 168 gold pieces
  5047 | D:5      | Gained mutation: You have hoof-like feet. [demonic
                  | ancestry]
  5047 | D:5      | Reached XP level 8. HP: 39/63 MP: 8/8
  5225 | D:5      | Noticed Eustachio
  5231 | D:5      | Killed Eustachio
  6732 | D:7      | Found a staircase to the Ecumenical Temple.
  6946 | D:7      | Gained mutation: You have hooves in place of feet. [demonic
                  | ancestry]
  6946 | D:7      | Reached XP level 9. HP: 67/72 MP: 9/9
  7167 | D:7      | Found Gupiucue's Antique Armour Shop.
  7170 | D:7      | Bought a glimmering buckler for 256 gold pieces
  7175 | D:7      | Identified the +2 buckler of Tanni {rF- Dex+7} (You bought
                  | it in a shop on level 7 of the Dungeon)
  7535 | Temple   | Entered the Ecumenical Temple
  7586 | Temple   | Became a worshipper of Qazlal Stormbringer
  7796 | D:8      | Reached skill level 1 in Invocations
  8524 | D:9      | Noticed a two-headed ogre
  8538 | D:9      | Reached * piety under Qazlal
  8551 | D:9      | Found a sparkling altar of Nemelex Xobeh.
  8576 | D:9      | Noticed a troll
  8611 | D:9      | Killed a two-headed ogre
  8877 | D:9      | Gained mutation: You are partially covered in thin metallic
                  | scales. (AC +2) [demonic ancestry]
  8877 | D:9      | Reached XP level 10. HP: 66/80 MP: 13/13
  8961 | D:9      | Reached skill level 5 in Invocations
  9002 | D:9      | Found a staircase to the Lair.
  9029 | D:9      | Reached ** piety under Qazlal
  9811 | D:10     | Entered Level 10 of the Dungeon
 10075 | D:10     | Found a portal to a secret trove of treasure.
 10105 | D:10     | Noticed Maggie
 10113 | D:10     | Killed Maggie
 10529 | D:10     | Noticed Josephine
 10534 | D:10     | Killed Josephine
 10935 | D:10     | Noticed Gastronok
 10946 | D:10     | Killed Gastronok
 10946 | D:10     | Gained mutation: You are mostly covered in thin metallic
                  | scales. (AC +3) [demonic ancestry]
 10946 | D:10     | Reached XP level 11. HP: 73/89 MP: 15/17
 11306 | D:11     | Noticed Fannar
 11329 | D:11     | Noticed a six-headed hydra
 11335 | D:11     | Killed Fannar
 11496 | D:11     | Killed a three-headed hydra
 11757 | D:11     | Found a staircase to the Orcish Mines.
 11780 | D:11     | Hit by a large rock thrown by a cyclops

Illustrated notes

Levels and vault maps discovered:
D:1:      tarquinn_simple_flora_water_b, layout_basic
D:2:      layout_loops_ring, hangedman_abyss_or_decor_stabs, wad_orctagon
D:3:      layout_basic, uniq_jessica
D:4:      layout_layer_cave, nicolae_gozag_seed_capital, uniq_pikel
D:5:      layout_cave_pools, chequers_serial_rivers_small_a, minmay_shop_mayhem,
          kennysheep_opposing_triangles, uniq_eustachio
D:6:      layout_gridville, minmay_tree_intersection, fountainhead
D:7:      layout_basic, minmay_temple_entry_drinking_statues, serial_shops,
          nicolae_shop_behind_doors, st_stairs_14, minmay_fractal_squares_5
D:8:      layout_loops_ring
D:9:      layout_loops_ring, nemelex_xobeh_ov_fountains_minmay,
          erik_lair_orcish_takeover
D:10:     layout_gridville, enter_trove_2, uniq_maggie, uniq_josephine,
          uniq_gastronok
D:11:     layout_cave_pools, david_orc_2, uniq_fannar
Temple:   regret_index_temple_sigil_plot

Skill      XL: |  1  2  3  4  5  6  7  8  9 10 |
---------------+-------------------------------+-----
Long Blades    | 3 4 5 6 7 9 |  9.4
Dodging        | 3 4 5 6 7 9 |  9.3
Fighting       | 3 4 5 7 8 9 |  9.9
Invocations    | 4 8 |  8.8
Throwing       | |  1.7

Action                   |  1- 3 |  4- 6 |  7- 9 | 10-12 || total
-------------------------+-------+-------+-------+-------++-------
Melee: Long sword        |   106 |    63 |   219 |   165 ||   553
       Kick              |       |    17 |    82 |    69 ||   168
Invok: Upheaval          |       |       |       |     3 ||     3
Evoke: Wand              |       |       |     5 |     3 ||     8
       Phantom mirror    |       |       |       |     1 ||     1
  Use: Potion            |       |     2 |     1 |       ||     3
       Scroll            |       |       |     1 |       ||     1
 Stab: Sleeping          |     3 |     4 |     8 |       ||    15
       Distracted        |       |     2 |     3 |     3 ||     8
Armor: Leather armour    |    31 |    14 |    30 |    13 ||    88
       Acid dragon scale |       |       |       |    23 ||    23
Dodge: Dodged            |    71 |    58 |   172 |   143 ||   444
Block: Other             |       |       |       |    18 ||    18
       Rpst.: Long sword |    20 |    17 |    60 |    37 ||   134

Table legend: (Time is in decaauts)
 A = Elapsed time spent in this place.
 B = Non-inter-level travel time spent in this place.
 C = Inter-level travel time spent in this place.
 D = Time resting spent in this place.
 E = Time spent auto-exploring this place.
 F = Levels seen in this place.
 G = Mean time per level.
                   A        B        C        D        E       F      G
               +--------+--------+--------+--------+--------+-----+--------+
         Total |  11873 |  11450 |    423 |   2899 |   6919 |  12 |  989.4 |
       Dungeon |  11793 |  11399 |    394 |   2899 |   6875 |  11 | 1072.1 |
        Temple |     79 |     51 |     28 |      0 |     44 |   1 |   79.0 |
               +--------+--------+--------+--------+--------+-----+--------+

Top non-repeatable levels by time:
     D:4: 1675 daAuts
    D:10: 1521 daAuts
     D:9: 1293 daAuts
     D:3: 1206 daAuts
     D:8: 1150 daAuts
     D:7: 1113 daAuts
     D:1: 1062 daAuts
     D:2: 938 daAuts
     D:6: 861 daAuts
     D:5: 707 daAuts
    D:11: 261 daAuts
  Temple: 79 daAuts
